 Dungeon Crawl Stone Soup version 0.32-a0-18-g89e19f1974 (webtiles) character file.

Game seed: 6742223635439189028

11810 kae the Geomancer (level 11, -9/68 HPs)
             Began as a Gargoyle Earth Elementalist on Jan 16, 2024.
             Was a Believer of Vehumet.
             Mangled by a komodo dragon (22 damage)
             ... on level 11 of the Dungeon.
             The game lasted 00:13:02 (12723 turns).

kae the Geomancer (Gargoyle Earth Elementalist)    Turns: 12723, Time: 00:13:02

Health: -9/68      AC: 18    Str: 13    XL:     11   Next: 83%
Magic:  5/21       EV: 12    Int: 19    God:    Vehumet [**....]
Gold:   719        SH:  5    Dex: 10    Spells: 4/24 levels left

rFire   . . .        P - +3 quarterstaff (venom)
rCold   . . .        (shield currently unavailable)
rNeg    + + .        a - +0 robe
rPois   ∞            l - +2 hat
rElec   +            (no cloak)
rCorr   .            (no gloves)
SInv    .            g - +1 pair of boots
Will    .....        c - amulet of reflection
Stlth   ++           O - +4 ring of protection
HPRegen 0.31/turn    N - ring of positive energy
MPRegen 0.17/turn

%: reflection
@: slowed, very slow
A: sickness immunity, AC +8, negative energy resistance 1, electricity
resistance, torment resistance 1, petrification resistance
a: Renounce Religion


You were on level 11 of the Dungeon.
You worshipped Vehumet.
Vehumet was pleased with you.
You visited 2 branches of the dungeon, and saw 12 of its levels.
You also visited: Sewer and Ossuary.

You collected 920 gold pieces.
You spent 201 gold pieces at shops.


Innate Abilities, Weirdness & Mutations

You are immune to sickness and miasma.
Your stone body is resilient. (AC +8)
You are immune to poison.
You resist negative energy. (rN+)
You are resistant to electric shocks. (rElec)
You are resistant to unholy torment.
You are immune to petrification.


   Skills:
 + Level 8.0 Fighting
 + Level 1.8 Staves
 + Level 2.2 Armour
 + Level 2.4 Dodging
 - Level 2.1 Stealth
 + Level 7.1 Spellcasting
 - Level 11.4 Conjurations
 - Level 13.0 Earth Magic


You had 4 spell levels left.
You knew the following spells:

 Your Spells              Type           Power      Damage    Failure   Level
a - Sandblast             Erth           100%       2d20      1%          1
b - Stone Arrow           Conj/Erth      100%       3d13      1%          3
c - Passwall              Erth           54%        N/A       1%          3
d - Brom's Barrelling Bo  Conj/Erth      52%        2d7       1%          4
e - Lee's Rapid Deconstr  Erth           27%        3d14*     1%          5
f - Petrify               Alch/Erth      31%        N/A       7%          4

Your spell library contained the following spells:

 Spells                   Type           Power      Damage    Failure   Level
 Magic Dart               Conj           100%       1d8       1%          1
 Static Discharge         Conj/Air       56%        3-6/arc   1%          2
 Animate Armour           Summ/Erth      62%        N/A       7%          4
 Fulminant Prism          Conj/Alch      14%        3d9       10%         4
 Iskenderun's Mystic Bla  Conj/Tloc      28%        2d7       10%         4
 Lesser Beckoning         Tloc           12%        N/A       16%         2
 Call Canine Familiar     Summ           6%         N/A       30%         3
 Gell's Gravitas          Tloc           6%         N/A       30%         3
 Inner Flame              Hex/Fire       6%         N/A       30%         3
 Sigil of Binding         Hex            6%         N/A       30%         3
 Teleport Other           Tloc           6%         N/A       30%         3
 Volatile Blastmotes      Fire/Tloc      12%        2d11      30%         3
 Airstrike                Air            3%         2d(1-17)  69%         4
 Dimensional Bullseye     Hex/Tloc       3%         N/A       69%         4
 Summon Lightning Spire   Summ/Air       6%         N/A       69%         4
 Irradiate                Conj/Alch      14%        3d16      26%         5
 Ignition                 Fire           3%         3d4       100%        8

Inventory:

Hand Weapons
 d - a +1 club of venom
   (You took it off a goblin on level 1 of the Dungeon)
 P - a +3 quarterstaff of venom (weapon)
   (You found it on level 10 of the Dungeon)
Missiles
 e - 27 poisoned darts
 h - 9 boomerangs
 j - 117 stones
 t - 3 atropa-tipped darts
Armour
 a - a +0 robe (worn)
 g - a +1 pair of boots (worn)
   (You found it on level 1 of the Dungeon)
 l - a +2 hat (worn)
   (You found it on level 1 of the Dungeon)
Magical Staves
 D - a staff of death {!a}
   (You found it on level 11 of the Dungeon)
Jewellery
 c - an amulet of reflection (around neck)
   (You found it on level 6 of the Dungeon)
 n - a ring of positive energy
   (You found it on level 7 of the Dungeon)
 F - a ring of protection from fire
   (You found it on level 5 of the Dungeon)
 N - a ring of positive energy (right hand)
   (You found it on level 2 of the Dungeon)
 O - a +4 ring of protection (left hand)
   (You found it on level 2 of the Dungeon)
 Y - a +4 ring of slaying
   (You found it on level 10 of the Dungeon)
Wands
 r - a wand of paralysis (10)
   (You found it on level 4 of the Dungeon)
 H - a wand of flame (22)
   (You found it on level 8 of the Dungeon)
 L - a wand of quicksilver (6)
   (You found it on level 10 of the Dungeon)
 M - a wand of roots (7)
   (You found it on level 10 of the Dungeon)
Scrolls
 q - 2 scrolls of torment {!r}
 u - 2 scrolls of fog
 v - 2 scrolls of poison
 x - 11 scrolls of immolation {!r!r}
 y - 5 scrolls of identify {@r1}
 E - 6 scrolls of teleportation {@r4}
 G - a scroll of summoning
 I - a scroll of fear
 K - a scroll of revelation
Potions
 b - 2 potions of magic
 f - 5 potions of haste {@q3}
 i - 3 potions of mutation {!q}
 k - 5 potions of degeneration {!q}
 m - 5 potions of attraction {!q}
 o - 2 potions of resistance
 p - 4 potions of curing {@q1}
 s - 3 potions of enlightenment
 w - a potion of ambrosia {unknown}
 z - a potion of berserk rage {!q}
 A - 2 potions of invisibility
 B - a potion of lignification {!q}
 C - a potion of might
 J - a potion of brilliance

Dungeon Overview and Level Annotations

Branches:
Dungeon (11/15) Zot: 26336  Temple (1/1) D:6 Zot: 5961    Lair (0/5) D:10
  Sewer (visited)         Ossuary (visited)
    Orc: D:9-12

Altars:
Ashenzari
Cheibriados
Dithmenos
Elyvilon
Fedhas
Gozag
Hepliaklqana
Kikubaaqudgha
Makhleb
Nemelex Xobeh
Okawaru
Qazlal
Ru
Sif Muna
Trog
Uskayaw
Vehumet
Wu Jian
Xom
Yredelemnul
Zin
The Shining One

Shops:
D:2 [   D:4 !   D:6 [   D:7 *   D:9 [

Annotations:
D:2 1 runed translucent door, Crazy Yiuf
D:9 3 runed translucent doors, p0werm0de's ghost, novice MiFi

##.# # #.#
.#
#####'###.#
#.........#
#.........#
#.........+
#.........#
#####'#####
#@# #l# ..#
.### .. #.
.. ..


You could see a komodo dragon.


Message History

Unknown command.
Casting: Stone Arrow (safe; 1% risk of failure)
Confirm with . or Enter, or press ? or * to list all spells.
You can't see any susceptible monsters within range! (Use Z to cast anyway.) Unknown command.
You pick up a book of Storms and begin reading...
You add the spells Static Discharge and Airstrike to your library. 😕 HP[+18] MP[+10]
You regained 18 hp, and now have 57/68 hp.
You regained 10 mp, and now have 17/21 mp.
Unknown command.
You see here a +0 flail.
You now have 719 gold pieces (gained 16).
You open the door.
There is an open door here.
You open the door.
There is an open door here.
D - a staff of death {!a} You open the door.
There is an open door here.
A freezing wraith comes into view. 😎 HP[+11] MP[+4]
Your hp is fully restored (68).
Your mp is fully restored (21).
A freezing wraith is nearby!
A freezing wraith is nearby!
A freezing wraith is nearby!
Casting: Stone Arrow (safe; 1% risk of failure)
Confirm with . or Enter, or press ? or * to list all spells.
Aiming: Stone Arrow (safe; 1% risk of failure)
Press: ? - help, Shift-Dir - straight line, f - freezing wraith
Aim: a freezing wraith (78% to hit)
The stone arrow hits the freezing wraith.
You hear an angry hiss.
A komodo dragon comes into view. 😎 MP[-3]
You lost 3 mp, and now have 18/21 mp.
Casting: Stone Arrow (safe; 1% risk of failure)
Confirm with . or Enter, or press ? or * to list all spells.
Aiming: Stone Arrow (safe; 1% risk of failure)
Press: ? - help, Shift-Dir - straight line, f/p - freezing wraith
Aim: a freezing wraith (lightly damaged, 78% to hit)
The stone arrow hits the freezing wraith! 😎 MP[-3]
You lost 3 mp, and now have 15/21 mp.
Casting: Stone Arrow (safe; 1% risk of failure)
Confirm with . or Enter, or press ? or * to list all spells.
Aiming: Stone Arrow (safe; 1% risk of failure)
Press: ? - help, Shift-Dir - straight line, f/p - freezing wraith
Aim: a freezing wraith (moderately damaged, 78% to hit)
The stone arrow hits the freezing wraith!! 😎 MP[-3]
You lost 3 mp, and now have 12/21 mp.
Casting: Stone Arrow (safe; 1% risk of failure)
Confirm with . or Enter, or press ? or * to list all spells.
Aiming: Stone Arrow (safe; 1% risk of failure)
Press: ? - help, Shift-Dir - straight line, f/p - freezing wraith
Aim: a freezing wraith (almost destroyed, 78% to hit)
The stone arrow misses the freezing wraith.
The freezing wraith hits you. The freezing wraith freezes you!!
The freezing wraith closely misses you. 😮 HP[-23] MP[-3]
You take 23 damage, and now have 45/68 hp.
MASSIVE DAMAGE!! (PAUSE)
You lost 3 mp, and now have 9/21 mp.
Casting: Stone Arrow (safe; 1% risk of failure)
Confirm with . or Enter, or press ? or * to list all spells.
Aiming: Stone Arrow (safe; 1% risk of failure)
Press: ? - help, Shift-Dir - straight line, f/p - freezing wraith
Aim: a freezing wraith (almost destroyed, 78% to hit)
The stone arrow misses the freezing wraith.
The freezing wraith hits you! The freezing wraith freezes you!
* * * LOW HITPOINT WARNING * * *
The freezing wraith hits you!
* * * LOW HITPOINT WARNING * * *
The freezing wraith drains your vigour!
You feel yourself slow down. 😱 HP[-34] MP[-3]
You take 34 damage, and now have 11/68 hp.
MASSIVE DAMAGE!! (PAUSE)
You lost 3 mp, and now have 6/21 mp.
Casting: Stone Arrow (safe; 1% risk of failure)
Confirm with . or Enter, or press ? or * to list all spells.
Aiming: Sandblast (safe; 1% risk of failure)
Press: ? - help, Shift-Dir - straight line, f/p - freezing wraith
Aim: a freezing wraith (almost destroyed, 85% to hit)
The blast of sand hits the freezing wraith.
You destroy the freezing wraith!
Vehumet accepts your kill. You block the komodo dragon's attack.
The komodo dragon barely misses you. 😱 HP[+1] Unknown command.
Casting: Sandblast (safe; 1% risk of failure)
Confirm with . or Enter, or press ? or * to list all spells.
Aiming: Sandblast (safe; 1% risk of failure)
Press: ? - help, Shift-Dir - straight line, f - komodo dragon
Aim: a komodo dragon (89% to hit)
The blast of sand hits the komodo dragon!!
The komodo dragon bites you but does no damage.
The komodo dragon bites you!!
You die...

Skill      XL: |  1  2  3  4  5  6  7  8  9 10 11 |
---------------+----------------------------------+-----
Earth Magic    | 4 5 6 7 8 10 12 13 | 13.0
Conjurations   | 2 3 4 5 7 8 10 11 | 11.4
Fighting       | 1 2 3 4 5 7 8 |  8.0
Spellcasting   | 3 4 5 6 7 |  7.1
Armour         | 2 |  2.2
Dodging        | 2 |  2.4
Staves         | 1 |  1.8
Stealth        | |  2.1

Action                     |  1- 3 |  4- 6 |  7- 9 | 10-12 || total
---------------------------+-------+-------+-------+-------++-------
  Melee: Club              |    35 |    62 |    96 |     9 ||   202
         Unarmed           |     7 |       |       |       ||     7
         Quarterstaff      |       |       |       |    12 ||    12
   Cast: Sandblast         |    53 |    67 |   109 |   112 ||   341
         Stone Arrow       |       |     3 |    55 |    53 ||   111
         Brom's Barrelling |       |       |       |     3 ||     3
    Use: Scroll            |     4 |    14 |     7 |     7 ||    32
         Potion            |       |       |     4 |       ||     4
   Stab: Sleeping          |       |     1 |       |       ||     1
 Armour: Robe              |    54 |    63 |   248 |   148 ||   513
  Dodge: Dodged            |    61 |    78 |   134 |    64 ||   337
  Block: Other             |       |       |    31 |    26 ||    57
         Reflection        |       |       |     1 |     2 ||     3

Levels and vault maps discovered:
D:1:      minmay_arrival_wavy_path, layout_loops_ring
D:2:      layout_loops_corners, serial_shops, nicolae_shop_waterfront,
          kennysheep_nub, uniq_crazy_yiuf_cottage
D:3:      layout_rooms, grunt_gozag_statues,
          shapermc_ecumenical_altar_hornbeckon, st_stairs_9, chequers_arboretum,
          hangedman_decor_points
D:4:      layout_gridville, ashenzari_altar_1, okawaru_trees_1, serial_shops,
          nicolae_stop_n_shop_2, portal_sewer_entry_b, uniq_duvessa,
          uniq_sigmund
D:5:      layout_loops_ring, bloody_makhleb,
          mainiacjoe_overflow_six_doors_small,
          mainiacjoe_overflow_surrounded_room, amcnicky_mini_corridor_feature
D:6:      lemuel_insect_pit, layout_layer_cave, minmay_temple_entry_mist,
          serial_shops, shop, enter_ossuary_5
D:7:      layout_cave_pools, minmay_overflow_temple_star_quad, serial_shops,
          nicolae_shop_stone
D:8:      layout_rooms
D:9:      layout_roguey, gammafunk_ghost_nasty_kobolds, serial_shops,
          nicolae_shop_stone, uniq_pikel
D:10:     layout_cave_pools, mainiacjoe_overflow_paths, david_lair_generic,
          kennysheep_cross_room, chequers_serial_rivers_small_b,
          minmay_variable_closet, hangedman_abyss_or_decor_jellyfish_corner,
          corner_web_ring
D:11:     layout_roguey, hangedman_incinerator
Temple:   nicolae_temple_slightly_damp_pantheon

Notes
Turn   | Place    | Note
-------+----------+-------------------------------------------
     0 | D:1      | kae the Gargoyle Earth Elementalist began the quest for the
                  | Orb.
     0 | D:1      | Reached XP level 1. HP: 10/10 MP: 3/3
     0 | D:1      | magus.rc [v1.11.3]
   106 | D:1      | Reached XP level 2. HP: 11/16 MP: 1/5
   626 | D:1      | Reached skill level 4 in Earth Magic
   636 | D:1      | Reached skill level 2 in Conjurations
   808 | D:2      | Reached XP level 3. HP: 19/20 MP: 0/6
   974 | D:2      | Reached skill level 1 in Fighting
  1341 | D:2      | Found Bin Moot's Armour Emporium.
  1546 | D:2      | Learned a level 3 spell: Stone Arrow
  1764 | D:2      | Found a runed translucent door.
  1765 | D:2      | Noticed Crazy Yiuf
  1817 | D:3      | Reached XP level 4. HP: 21/25 MP: 1/7
  1898 | D:3      | Found an opulent altar of Gozag.
  2570 | D:3      | Found a faded altar of an unknown god.
  2686 | D:3      | Learned a level 3 spell: Passwall
  2707 | D:4      | Found Iteskeuwo's Distillery.
  2710 | D:4      | Bought a potion of heal wounds for 65 gold pieces
  2710 | D:4      | Bought a potion of degeneration for 13 gold pieces
  2724 | D:4      | Found a broken altar of Ashenzari.
  2743 | D:4      | Reached skill level 3 in Conjurations
  2801 | D:4      | Reached XP level 5. HP: 27/29 MP: 6/8
  2802 | D:4      | Found a glowing drain.
  2815 | Sewer    | Entered a sewer
  2914 | Sewer    | Reached skill level 5 in Earth Magic
  3173 | Sewer    | Reached skill level 2 in Fighting
  3173 | Sewer    | Reached XP level 6. HP: 35/35 MP: 3/10
  3707 | D:4      | Noticed Duvessa
  3707 | D:4      | Noticed Dowan
  3719 | D:4      | HP: 7/35 [Dowan/+2 dagger of pain (2)]
  3721 | D:4      | Killed Duvessa
  3722 | D:4      | Reached skill level 3 in Spellcasting
  3722 | D:4      | Reached skill level 4 in Conjurations
  3725 | D:4      | Killed Dowan
  3872 | D:4      | Reached skill level 6 in Earth Magic
  3872 | D:4      | Reached XP level 7. HP: 37/40 MP: 7/11
  4349 | D:4      | Noticed Sigmund
  4375 | D:4      | Killed Sigmund
  4376 | D:4      | Reached skill level 3 in Fighting
  4376 | D:4      | Reached skill level 5 in Conjurations
  4473 | D:4      | Found an iron altar of Okawaru.
  4649 | D:4      | Learned a level 4 spell: Brom's Barrelling Boulder
  4679 | D:5      | Entered Level 5 of the Dungeon
  4999 | D:5      | You pick up a book of Iron and begin reading...
  4999 | D:5      | You add the spells Summon Lightning Spire, Animate Armour
                  | and Lee's Rapid Deconstruction to your library.
  5033 | D:5      | Reached skill level 7 in Earth Magic
  5082 | D:5      | Found a burning altar of Makhleb.
  5180 | D:5      | Found a stormy altar of Qazlal.
  5260 | D:5      | Reached XP level 8. HP: 46/46 MP: 0/13
  5430 | D:5      | Found a shimmering blue altar of Sif Muna.
  5674 | D:6      | Found a sand-covered staircase.
  5682 | Ossuary  | Entered an ossuary
  5682 | Ossuary  | Found a huge runed translucent gate.
  5682 | Ossuary  | Found a huge runed translucent gate.
  5682 | Ossuary  | Found a huge runed translucent gate.
  5682 | Ossuary  | Found a huge runed translucent gate.
  5682 | Ossuary  | Found a huge runed translucent gate.
  5682 | Ossuary  | Found a huge runed translucent gate.
  5682 | Ossuary  | Found a huge runed translucent gate.
  5682 | Ossuary  | Found a huge runed translucent gate.
  5682 | Ossuary  | Found a huge runed translucent gate.
  5684 | Ossuary  | Found a huge runed translucent gate.
  5684 | Ossuary  | Found a huge runed translucent gate.
  5685 | Ossuary  | Found a huge runed translucent gate.
  5685 | Ossuary  | Found a huge runed translucent gate.
  5687 | Ossuary  | Found a huge runed translucent gate.
  5687 | Ossuary  | Found a huge runed translucent gate.
  5690 | Ossuary  | Found a huge runed translucent gate.
  5690 | Ossuary  | Found a huge runed translucent gate.
  5690 | Ossuary  | Found a huge runed translucent gate.
  5690 | Ossuary  | Found a huge runed translucent gate.
  5690 | Ossuary  | Found a huge runed translucent gate.
  5708 | Ossuary  | Reached skill level 6 in Conjurations
  5786 | Ossuary  | Found a huge runed translucent gate.
  5786 | Ossuary  | Found a huge runed translucent gate.
  5788 | Ossuary  | Found a huge runed translucent gate.
  5788 | Ossuary  | Found a huge runed translucent gate.
  5789 | Ossuary  | Found a huge runed translucent gate.
  5789 | Ossuary  | Found a huge runed translucent gate.
  5790 | Ossuary  | Found a huge runed translucent gate.
  5790 | Ossuary  | Found a huge runed translucent gate.
  5802 | Ossuary  | Found a huge runed translucent gate.
  5802 | Ossuary  | Found a huge runed translucent gate.
  5808 | Ossuary  | Reached skill level 4 in Spellcasting
  5854 | Ossuary  | Found a huge runed translucent gate.
  5854 | Ossuary  | Found a huge runed translucent gate.
  5854 | Ossuary  | Found a huge runed translucent gate.
  5854 | Ossuary  | Found a huge runed translucent gate.
  5854 | Ossuary  | Found a huge runed translucent gate.
  5909 | Ossuary  | Reached skill level 4 in Fighting
  6118 | D:6      | Found Awnoufac's Armour Shop.
  6124 | D:6      | Reached skill level 8 in Earth Magic
  6377 | D:6      | Reached skill level 7 in Conjurations
  6622 | D:6      | Found a staircase to the Ecumenical Temple.
  7114 | D:6      | Reached XP level 9. HP: 52/52 MP: 11/15
  7287 | D:6      | Found a runed translucent door.
  7323 | D:6      | Found a runed translucent door.
  7415 | D:6      | Reached skill level 9 in Earth Magic
  7431 | D:6      | Reached skill level 5 in Fighting
  7460 | D:6      | Learned a level 5 spell: Lee's Rapid Deconstruction
  7540 | D:7      | You pick up a book of Blasting and begin reading...
  7540 | D:7      | You add the spells Volatile Blastmotes, Fulminant Prism and
                  | Iskenderun's Mystic Blast to your library.
  7605 | D:7      | Found Xezel's General Store.
  7620 | D:7      | Reached skill level 8 in Conjurations
  7684 | D:7      | Bought a scroll of summoning for 123 gold pieces
  7739 | D:7      | Reached skill level 5 in Spellcasting
  7923 | D:7      | HP: 11/54 [something/magic dart (7)]
  7925 | D:7      | HP: 3/54 [something/puff of flame (4)]
  7925 | D:7      | HP: 1/54 [orc/+2 short sword of draining (2)]
  8208 | D:7      | Reached skill level 10 in Earth Magic
  8383 | D:7      | Found a shadowy altar of Dithmenos.
  8386 | D:7      | Found a white marble altar of Elyvilon.
  8395 | D:7      | Found a glowing silver altar of Zin.
  8631 | Temple   | Entered the Ecumenical Temple
  8650 | Temple   | Became a worshipper of Vehumet
  8702 | D:7      | Reached XP level 10. HP: 53/60 MP: 8/18
  8767 | D:8      | Reached skill level 9 in Conjurations
  8916 | D:6      | Reached skill level 6 in Fighting
  9057 | D:7      | HP: 15/60 [yak (1)]
  9058 | D:7      | HP: 3/60 [yak (12)]
  9501 | D:8      | Reached skill level 11 in Earth Magic
  9581 | D:8      | Identified the +5 plate armour "Calloh" {rC+ rCorr Dex-3}
  9626 | D:8      | You pick up a book of the Hunter and begin reading...
  9626 | D:8      | You add the spells Sigil of Binding, Call Canine Familiar
                  | and Dimensional Bullseye to your library.
 10005 | D:8      | Reached * piety under Vehumet
 10005 | D:8      | Offered knowledge of Kiss of Death by Vehumet.
 10081 | D:8      | Learned a level 4 spell: Petrify
 10102 | D:9      | Noticed Pikel
 10112 | D:8      | Killed Pikel
 10113 | D:8      | Reached skill level 6 in Spellcasting
 10113 | D:8      | Reached skill level 10 in Conjurations
 10438 | D:9      | Found Ytwiypt's Antique Armour Shoppe.
 10476 | D:9      | Found a runed translucent gate.
 10476 | D:9      | Found a runed translucent gate.
 10476 | D:9      | Found a runed translucent gate.
 10477 | D:9      | Noticed a kobold demonologist
 10477 | D:9      | Noticed a kobold demonologist
 10477 | D:9      | Noticed p0werm0de's ghost (novice MiFi)
 10683 | D:9      | Noticed a two-headed ogre
 10693 | D:9      | Killed a two-headed ogre
 10694 | D:9      | Reached skill level 7 in Fighting
 10694 | D:9      | Reached skill level 12 in Earth Magic
 10694 | D:9      | Reached XP level 11. HP: 67/67 MP: 3/20
 10928 | D:10     | Entered Level 10 of the Dungeon
 10950 | D:10     | Noticed a death yak
 10967 | D:9      | Killed a death yak
 11000 | D:9      | Reached skill level 11 in Conjurations
 11069 | D:10     | Found a staircase to the Lair.
 11159 | D:10     | Identified the +11 scimitar of Ibogea {freeze, rPois}
 11206 | D:10     | Noticed a two-headed ogre
 11327 | D:10     | Noticed a two-headed ogre
 11334 | D:10     | Killed a two-headed ogre
 11370 | D:10     | Killed a two-headed ogre
 11423 | D:10     | Identified the +0 halberd of Bodily Harmony {speed, rElec
                  | rF- Dex+2 Stlth+}
 11577 | D:10     | Found a blossoming altar of Fedhas.
 11657 | D:10     | You pick up a book of Displacement and begin reading...
 11657 | D:10     | You add the spells Lesser Beckoning, Gell's Gravitas and
                  | Teleport Other to your library.
 11789 | D:10     | Offered knowledge of Magic Dart by Vehumet.
 12253 | D:11     | Noticed a cyclops
 12260 | D:11     | Killed a cyclops
 12261 | D:11     | Reached skill level 1 in Armour
 12261 | D:11     | Reached skill level 13 in Earth Magic
 12453 | D:11     | Reached ** piety under Vehumet
 12455 | D:11     | Reached skill level 2 in Dodging
 12455 | D:11     | Reached skill level 7 in Spellcasting
 12478 | D:11     | You pick up a book of Spontaneous Combustion and begin
                  | reading...
 12478 | D:11     | You add the spells Inner Flame, Irradiate and Ignition to
                  | your library.
 12492 | D:11     | Reached skill level 1 in Staves
 12587 | D:11     | Noticed a two-headed ogre
 12594 | D:11     | Killed a two-headed ogre
 12595 | D:11     | Reached skill level 8 in Fighting
 12595 | D:11     | Reached skill level 2 in Armour
 12654 | D:11     | You pick up a book of Storms and begin reading...
 12654 | D:11     | You add the spells Static Discharge and Airstrike to your
                  | library.
 12721 | D:11     | HP: 11/68 [freezing wraith (9)]
 12723 | D:11     | Mangled by a komodo dragon

Vanquished Creatures
  4 two-headed ogres
  A death yak (D:9)
  Pikel (D:8)
  A cyclops (D:11)
  An elephant (D:9)
  A gargoyle (D:11)
  An unseen horror (D:10)
  A freezing wraith (D:11)
  Sigmund (D:4)
  10 yaks
  2 wyverns
  2 steam dragons
  2 orc warriors
  An ice beast (D:7)
  Duvessa (D:4)
  3 black bears
  A sky beast (D:7)
  3 centaurs
  2 lemures
  A phantom (D:5)
  3 kobold brigands
  2 elf zombies (Ossuary)
  3 bullfrogs
  A brain worm (Sewer)
  A gnoll sergeant (D:8)
  13 scorpions
  14 wights
  2 burial acolytes (Ossuary)
  Dowan (D:4)
  6 killer bees (D:7)
  3 bombardier beetles
  6 howler monkeys
  2 hounds
  A jelly (D:6)
  A human zombie (Ossuary)
  3 orc priests
  A gnoll bouda (D:8)
  A sleepcap (D:7)
  3 iguanas
  10 orc wizards
  2 mummies (Ossuary)
  A howler monkey zombie (Ossuary)
  6 gnolls (D:8)
  2 river rats
  9 adders
  2 shadow imps
  2 ufetubi (D:6)
  An adder zombie (Ossuary)
  3 dart slugs
  3 ribbon worms
  24 orcs
  12 ball pythons
  7 endoplasms
  9 giant cockroaches
  12 goblins
  6 hobgoblins
  7 jackals
  4 quokkas
  10 bats
  4 frilled lizards
  19 kobolds
  8 rats
270 creatures vanquished.

Vanquished Creatures (collateral kills)
  A boulder (D:9)
1 creature vanquished.

Grand Total: 271 creatures vanquished

Table legend:
 A = Non-vault XP
 B = Vault XP
 C = Vault XP percentage of total XP
 D = Non-vault monster count
 E = Vault monster count
 F = Vault count percentage of total count
                 A         B        C        D         E       F
            +---------+---------+-------+---------+---------+-------
      Total |   12877 |    3995 |  23.7 |     204 |      64 |  23.9
            +---------+---------+-------+---------+---------+-------
        D:1 |      32 |       0 |   0.0 |      18 |       0 |   0.0
        D:2 |      40 |       0 |   0.0 |      14 |       0 |   0.0
        D:3 |      37 |       2 |   5.1 |      21 |       2 |   8.7
        D:4 |     247 |     444 |  64.3 |      17 |       8 |  32.0
        D:5 |     388 |       0 |   0.0 |       8 |       0 |   0.0
        D:6 |     801 |     739 |  48.0 |      22 |      13 |  37.1
        D:7 |    2777 |       0 |   0.0 |      43 |       0 |   0.0
        D:8 |    1427 |     685 |  32.4 |      23 |       1 |   4.2
        D:9 |    1867 |    1257 |  40.2 |      14 |       2 |  12.5
       D:10 |    2904 |     252 |   8.0 |      15 |       2 |  11.8
       D:11 |    2357 |       0 |   0.0 |       9 |       0 |   0.0
      Sewer |       0 |     177 | 100.0 |       0 |      27 | 100.0
    Ossuary |       0 |     439 | 100.0 |       0 |       9 | 100.0
            +---------+---------+-------+---------+---------+-------

Skill      XL: |  1  2  3  4  5  6  7  8  9 10 11 |
---------------+----------------------------------+-----
Earth Magic    | 4 5 6 7 8 10 12 13 | 13.0
Conjurations   | 2 3 4 5 7 8 10 11 | 11.4
Fighting       | 1 2 3 4 5 7 8 |  8.0
Spellcasting   | 3 4 5 6 7 |  7.1
Armour         | 2 |  2.2
Dodging        | 2 |  2.4
Staves         | 1 |  1.8
Stealth        | |  2.1

Action                     |  1- 3 |  4- 6 |  7- 9 | 10-12 || total
---------------------------+-------+-------+-------+-------++-------
  Melee: Club              |    35 |    62 |    96 |     9 ||   202
         Unarmed           |     7 |       |       |       ||     7
         Quarterstaff      |       |       |       |    12 ||    12
   Cast: Sandblast         |    53 |    67 |   109 |   112 ||   341
         Stone Arrow       |       |     3 |    55 |    53 ||   111
         Brom's Barrelling |       |       |       |     3 ||     3
    Use: Scroll            |     4 |    14 |     7 |     7 ||    32
         Potion            |       |       |     4 |       ||     4
   Stab: Sleeping          |       |     1 |       |       ||     1
 Armour: Robe              |    54 |    63 |   248 |   148 ||   513
  Dodge: Dodged            |    61 |    78 |   134 |    64 ||   337
  Block: Other             |       |       |    31 |    26 ||    57
         Reflection        |       |       |     1 |     2 ||     3

Illustrated notes

Table legend:
 A = Kills in this place as a percentage of kills in the entire game.
 B = Kills by you in this place as a percentage of kills by you in the entire game.
 C = Kills by friends in this place as a percentage of kills by friends in the entire game.
 D = Other kills in this place as a percentage of other kills in the entire game.
 E = Experience gained in this place as a percentage of experience gained in the entire game.
 F = Experience gained in this place divided by the number of levels of this place that you have seen.
                   A       B       C       D       E      F
               +-------+-------+-------+-------+-------+----------------------
         Total | 100.0 | 100.0 |   N/A |   N/A | 100.0 | 1205.1
       Dungeon |  86.6 |  86.6 |   N/A |   N/A |  96.3 | 1477.8
         Sewer |  10.1 |  10.1 |   N/A |   N/A |   1.0 | 177.0
       Ossuary |   3.4 |   3.4 |   N/A |   N/A |   2.6 | 439.0
               +-------+-------+-------+-------+-------+----------------------

Table legend: (Time is in decaauts)
 A = Elapsed time spent in this place.
 B = Non-inter-level travel time spent in this place.
 C = Inter-level travel time spent in this place.
 D = Time resting spent in this place.
 E = Time spent auto-exploring this place.
 F = Levels seen in this place.
 G = Mean time per level.
                   A        B        C        D        E       F      G
               +--------+--------+--------+--------+--------+-----+--------+
         Total |  13152 |  12702 |    450 |    999 |   9909 |  14 |  939.4 |
       Dungeon |  11771 |  11359 |    412 |    999 |   8803 |  11 | 1070.1 |
        Temple |     38 |      1 |     37 |      0 |      0 |   1 |   38.0 |
         Sewer |    925 |    925 |      0 |      0 |    779 |   1 |  925.0 |
       Ossuary |    417 |    417 |      0 |      0 |    326 |   1 |  417.0 |
               +--------+--------+--------+--------+--------+-----+--------+

Top non-repeatable levels by time:
     D:6: 1880 daAuts
     D:7: 1587 daAuts
     D:4: 1271 daAuts
    D:10: 1094 daAuts
     D:2: 1065 daAuts
     D:5: 970 daAuts
   Sewer: 925 daAuts
     D:3: 921 daAuts
     D:9: 832 daAuts
     D:1: 772 daAuts
     D:8: 714 daAuts
    D:11: 660 daAuts
 Ossuary: 417 daAuts
  Temple: 38 daAuts
